 Dungeon Crawl Stone Soup version 0.28.0-45-g0d030f2227 (webtiles) character file.

Game seed: 14712724285187052408

2052 CryoSword the Chopper (level 9, 0/48 HPs)
             Began as a Vine Stalker Fighter on Apr 21, 2022.
             Succumbed to a water moccasin's poison
             ... on level 8 of the Dungeon.
             The game lasted 00:08:01 (5918 turns).

CryoSword the Chopper (Vine Stalker Fighter)        Turns: 5918, Time: 00:08:01

Health: 0/48       AC: 12    Str: 23    XL:     9   Next: 25%
Magic:  1/10       EV:  7    Int:  8    God:
Gold:   387        SH:  5    Dex: 14    Spells: 8/8 levels left

rFire   . . .      SeeInvis .   a - +1 war axe
rCold   . . .      Faith    .   c - +0 buckler
rNeg    . . .      Spirit   +   o - +0 chain mail
rPois   .          Reflect  .   v - +1 helmet
rElec   .          Harm     .   (no cloak)
rCorr   .          Rampage  .   (no gloves)
Will    +....                   m - +0 pair of boots
Stlth   ..........              (no amulet)
HPRegen 0.96/turn               (no ring)
MPRegen 0.12/turn               (no ring)

@: lethally poisoned (0 -> -5)
A: fangs 3, regeneration 1, magic shield, antimagic bite, no potion heal 2
a: no special abilities


You were on level 8 of the Dungeon.
You visited 1 branch of the dungeon, and saw 8 of its levels.
You also visited: Sewer.

You collected 387 gold pieces.

Inventory:

Hand Weapons
 a - a +1 war axe (weapon)
Missiles
 b - 2 throwing nets
 k - 6 poisoned darts (quivered)
 y - 2 atropa-tipped darts
Armour
 c - a +0 buckler (worn)
 m - a +0 pair of boots (worn)
   (You found it on level 3 of the Dungeon)
 o - a +0 chain mail (worn)
   (You found it on level 3 of the Dungeon)
 v - a +1 helmet (worn)
   (You found it on level 5 of the Dungeon)
Jewellery
 g - an amulet of the acrobat
   (You found it on level 5 of the Dungeon)
Scrolls
 e - 2 scrolls of teleportation {@r4}
 j - a scroll of immolation {!r}
 n - a scroll of fog
 r - 2 scrolls of blinking
 t - 3 scrolls of enchant weapon
 u - 3 scrolls of holy word
 w - a scroll of noise {unknown}
 x - a scroll of fear {unknown}
 A - a scroll of identify {@r1}
 B - a scroll of brand weapon {unknown}
 C - a scroll of summoning {unknown}
Potions
 d - a potion of might
 f - a potion of mutation {unknown}
 h - a potion of curing {@q1}
 i - a potion of lignification {unknown}
 l - a potion of magic
 p - a potion of flight
 q - a potion of ambrosia
 s - a potion of haste {@q3}
 z - a potion of cancellation {unknown}


   Skills:
 + Level 6.0 Fighting
 * Level 7.9 Axes
 - Level 2.5 Armour
 + Level 6.0 Shields


You had 8 spell levels left.
You didn't know any spells.
Your spell library contained the following spells:

 Spells                   Type           Power      Damage    Failure   Level
 Gell's Gravitas          Tloc           0%         N/A       100%        3
 Teleport Other           Tloc           0%         N/A       100%        3
 Dispersal                Tloc           0%         N/A       100%        6


Dungeon Overview and Level Annotations

Branches:
Dungeon (8/15)             Temple (0/1) D:5           Sewer (visited)
   Lair: D:8-11

Altars:
Elyvilon
Fedhas
Hepliaklqana
Okawaru
Trog
Vehumet
Wu Jian
Zin
The Shining One

Shops:
D:3 =   D:7 *

Annotations:
D:7 2 transporters, CryoSword's ghost, novice VSFi


Innate Abilities, Weirdness & Mutations

You have razor-sharp teeth.
Your natural rate of healing is unusually fast.
When hurt, damage is shared between your health and your magic reserves.
Your bite disrupts and absorbs the magic of your enemies.
Potions cannot restore your health.


Message History

The ogre hits you with a +0 giant spiked club!
You slash the ogre!
You kill the ogre!
Your Fighting skill increases to level 6!
Your Shields skill increases to level 6!
No target in view!
No target in view!
No target in view!
No target in view!
No target in view!
No target in view!
No target in view!
No target in view!
No target in view!
No target in view!
No target in view!
Things that are here:
a +0 giant spiked club; an ogre corpse The killer bee buzzes angrily.
There is an open door here.
Could not explore, unopened door.
Could not explore, unopened door.
You open the door.
There is an open door here.
Could not explore, unopened door.
Could not explore, unopened door.
As you open the door, it creaks loudly!
Found a potion of curing.
There is an open door here.
h - 2 potions of curing {@q1} (gained 1)
Found a glowing dagger.
Found Zyghut's Overcharged Wands.
There is an entrance to Zyghut's Overcharged Wands here.
There is an entrance to Zyghut's Overcharged Wands here.
Could not explore, unopened door.
Could not explore, unopened door.
You open the door.
There is an open door here.
y - 2 atropa-tipped darts
A - a scroll of identify {@r1}
There is an open door here.
Could not explore, unopened door.
You open the door.
Found a scroll of enchant weapon.
There is an open door here.
t - 3 scrolls of enchant weapon (gained 1)
Found a stone staircase leading down.
Found a scroll of amnesia.
Found an escape hatch in the ceiling.
Could not explore, unopened door.
You open the door.
There is an open door here.
There is an open door here.
You see here a scroll of amnesia.
There is an open door here.
Key pressed, stopping explore.
B - a scroll labelled HOG XOSTUDOV
There is an open door here.
There is an open door here.
As you open the door, it creaks loudly!
A jelly comes into view.
The jelly quivers.
There's nothing to open nearby.
A jelly is nearby!
A jelly is nearby!
Found a stone staircase leading down.
There is an open door here.
You hit the jelly but do no damage. The acid corrodes you!
Your hands burn!
You bite the jelly. You drain its power.
You feel invigorated. The jelly hits you but does no damage.
You slash the jelly!
You kill the jelly!
No target in view!
No target in view!
No target in view!
No target in view!
No target in view!
No target in view!
No target in view!
There is a stone staircase leading down here.
There is an open door here.
You are no longer corroded.
Partly explored, unvisited transporter.
Partly explored, unvisited transporter.
Partly explored, unvisited transporter.
There is an open door here.
There is a stone staircase leading down here.
You climb downwards.
There is a stone staircase leading up here.
Found a stone staircase leading up.
Found a stone staircase leading down.
You now have 375 gold pieces (gained 17).
C - a scroll labelled OCU ITOEBIYW You now have 387 gold pieces (gained 12).
Could not explore, unopened door.
Could not explore, unopened door.
Could not explore, unopened door.
You open the door.
There is an open door here.
Found 20 stones.
A wyvern comes into view.
A wyvern is nearby!
A water moccasin comes into view.
The water moccasin hisses angrily.
You slash the water moccasin! The water moccasin bites you.
You block the wyvern's attack.
You closely miss the water moccasin. You hit the wyvern but do no damage.
You block the water moccasin's attack. The wyvern bites you!
You block the water moccasin's attack.
You slash the water moccasin! Your bite misses the water moccasin.
You closely miss the wyvern. The wyvern bites you!
The water moccasin completely misses you.
The wyvern bites you. The water moccasin barely misses you.
You are too injured to fight recklessly!
You are too injured to fight recklessly!
You are too injured to fight recklessly!
You are too injured to fight recklessly!
You are too injured to fight recklessly!
You are too injured to fight recklessly!
You are too injured to fight recklessly!
You are too injured to fight recklessly!
You are too injured to fight recklessly!
You are too injured to fight recklessly!
You are too injured to fight recklessly!
You are too injured to fight recklessly!
You are too injured to fight recklessly!
The water moccasin bites you.
* * * LOW HITPOINT WARNING * * *
You are poisoned.
The water moccasin poisons you! The wyvern bites you!
* * * LOW HITPOINT WARNING * * *
You feel very sick.
The water moccasin bites you but does no damage.
You feel very sick. The wyvern bites you.
* * * LOW HITPOINT WARNING * * *
You feel sick.
Your system rejects the healing.
You feel better. The wyvern bites you.
* * * LOW HITPOINT WARNING * * *
You block the wyvern's attack. The water moccasin barely misses you.
You hit the water moccasin but do no damage.
You hit the wyvern. The wyvern barely misses you.
The water moccasin bites you but does no damage.
The wyvern barely misses you.
You hit the water moccasin. You hit the wyvern. The water moccasin bites you.
* * * LOW HITPOINT WARNING * * *
You are lethally poisoned!
The water moccasin poisons you! The wyvern barely misses you.
The water moccasin barely misses you.
You slash the wyvern! Your bite misses the wyvern.
You hit the water moccasin but do no damage.
You die...

#.###.....###....####
#.###.....###......
#.##...........#...#..
#..............#...#..
#####..........#...#
#..............#
########'#.....#
########.#.....#
.......S@#.....#
#####..l##.....## #
#............
#...##...#.....##
+........#.....#
#..............#
.............(.#
.......#.......#
...............#


You could see a water moccasin and a wyvern.

Vanquished Creatures
  A water moccasin (D:6)
  An ice beast (D:6)
  3 black bears
  2 ogres
  2 necrophages
  A centaur (D:6)
  2 bullfrogs
  A howler monkey (D:5)
  4 wights (D:6)
  A centaur zombie (D:6)
  4 hounds
  2 orc priests (D:7)
  2 jellies
  2 centaur skeletons
  5 iguanas
  2 orc wizards
  A howler monkey skeleton (D:5)
  15 adders
  2 river rats (D:4)
  2 adder skeletons (D:2)
  An adder zombie (D:2)
  3 worms (D:2)
  A dart slug (D:2)
  13 orcs
  11 ball pythons
  A bat skeleton (D:2)
  2 bat zombies (D:2)
  11 endoplasms
  12 giant cockroaches
  10 hobgoblins
  10 quokkas
  A ball python skeleton (D:2)
  5 bats
  15 frilled lizards
  9 goblins
  12 kobolds
  10 rats
182 creatures vanquished.

Vanquished Creatures (others)
  2 fungi (D:2)
  12 plants
14 creatures vanquished.

Grand Total: 196 creatures vanquished

Notes
Turn   | Place    | Note
-------+----------+-------------------------------------------
     0 | D:1      | CryoSword the Vine Stalker Fighter began the quest for the
                  | Orb.
     0 | D:1      | Reached XP level 1. HP: 11/11 MP: 2/2
    65 | D:1      | Reached skill level 2 in Axes
   208 | D:1      | Reached XP level 2. HP: 16/16 MP: 3/3
   864 | D:1      | Reached XP level 3. HP: 12/19 MP: 4/4
  1738 | D:2      | Gained mutation: Your natural rate of healing is unusually
                  | fast. [Vine Stalker growth]
  1738 | D:2      | Reached XP level 4. HP: 19/24 MP: 3/5
  1761 | D:2      | Found a faded altar of an unknown god.
  1777 | D:2      | Reached skill level 3 in Axes
  2047 | D:2      | Reached XP level 5. HP: 27/28 MP: 4/6
  2329 | D:3      | Found Reopoock's Jewellery Boutique.
  2889 | D:4      | Noticed a black bear
  2898 | D:4      | Killed a black bear
  2899 | D:4      | Reached skill level 4 in Axes
  2899 | D:4      | Reached XP level 6. HP: 28/33 MP: 5/7
  3019 | D:4      | Found a glowing drain.
  3023 | Sewer    | Entered a sewer
  3295 | Sewer    | Reached XP level 7. HP: 37/37 MP: 8/8
  3433 | D:4      | Reached skill level 5 in Axes
  3930 | D:5      | Entered Level 5 of the Dungeon
  3934 | D:5      | Found a glowing silver altar of Zin.
  3939 | D:5      | Found a glowing golden altar of the Shining One.
  3939 | D:5      | Found an ornate altar of the Wu Jian Council.
  3939 | D:5      | Found an iron altar of Okawaru.
  3940 | D:5      | Found a blossoming altar of Fedhas.
  3940 | D:5      | Found a radiant altar of Vehumet.
  3952 | D:5      | Found a hazy altar of Hepliaklqana.
  3952 | D:5      | Found a bloodstained altar of Trog.
  3952 | D:5      | Found a white marble altar of Elyvilon.
  4156 | D:5      | Gained mutation: You have razor-sharp teeth. [Vine Stalker
                  | growth]
  4156 | D:5      | Reached XP level 8. HP: 16/42 MP: 3/9
  4159 | D:5      | Reached skill level 6 in Axes
  4400 | D:5      | Found a staircase to the Ecumenical Temple.
  4491 | D:6      | Reached skill level 5 in Fighting
  4491 | D:6      | Reached skill level 5 in Shields
  4668 | D:6      | Reached skill level 7 in Axes
  4955 | D:6      | Reached XP level 9. HP: 47/48 MP: 10/10
  5267 | D:7      | Found a transporter.
  5267 | D:7      | Found a transporter.
  5269 | D:7      | Noticed CryoSword's ghost (novice VSFi)
  5269 | D:7      | Noticed a queen bee
  5620 | D:7      | Found Zyghut's Overcharged Wands.
  5915 | D:8      | HP: 2/48 [wyvern (3)]
  5918 | D:8      | Succumbed to a water moccasin's poison

Illustrated notes

Levels and vault maps discovered:
D:1:      mrwooster_arrival_statue_2, layout_loops_corners, minmay_tall_x
D:2:      cheibrodos_helix_gallery, layout_basic,
          shapermc_ecumenical_altar_mp_urbaneastern, serial_undead,
          serial_undead_b, serial_undead_a, serial_undead_d, serial_undead_d
D:3:      layout_rooms, serial_shops, shop, serial_bayou_lagoon_b
D:4:      layout_loops_corners, gup_sewer_entry_spiral
D:5:      layout_cave_pools, nicolae_overflows_in_rows, temple_statues,
          serial_column_ruins, column_ruins_open_tiny, column_ruins_open_medium,
          column_ruins_columns_dead_end, column_ruins_grid_1,
          column_ruins_open_small_water, column_ruins_columns_straight
D:6:      layout_rooms, minmay_fountain_box
D:7:      layout_gridville, gammafunk_ghost_hive, nicolae_shop_overcharged_wands
D:8:      minmay_evil_eye, layout_basic, kennysheep_decorative_pillar

Skill      XL: |  1  2  3  4  5  6  7  8  9 |
---------------+----------------------------+-----
Axes           | 2 3 4 5 7 |  7.9
Fighting       | 3 4 5 6 |  6.0
Shields        | 3 4 5 6 |  6.0
Armour         | |  2.5

Action                   |  1- 3 |  4- 6 |  7- 9 || total
-------------------------+-------+-------+-------++-------
Melee: War axe           |   102 |   242 |   195 ||   539
       Bite              |    14 |    59 |    57 ||   130
  Use: Scroll            |       |       |     9 ||     9
       Potion            |       |       |     3 ||     3
Armor: Scale mail        |    67 |    32 |       ||    99
       Chain mail        |       |   108 |   124 ||   232
Dodge: Dodged            |    61 |    94 |    80 ||   235
Block: Buckler           |    42 |    67 |    69 ||   178
